 Dungeon Crawl Stone Soup version 0.30-a0-782-ge64f9170bb (webtiles) character file.

Game seed: 15231234323146272504

12506 Farfigtubin the Unseen (level 12, -6/80 HPs)
             Began as a Kobold Brigand on Feb 18, 2023.
             Was an Elder of Wu Jian.
             Mangled by a hellwing (11 damage)
             ... on level 2 of the Orcish Mines on Feb 19, 2023.
             The game lasted 01:42:55 (11744 turns).

Farfigtubin the Unseen (Kobold Brigand)            Turns: 11744, Time: 01:42:55

Health: -6/80      AC:  6    Str:  9    XL:     12   Next: 21%
Magic:  12/12      EV: 23    Int: 13    God:    Wu Jian [****..]
Gold:   916        SH:  0    Dex: 20    Spells: 11/11 levels left

rFire   + + .      SeeInvis .    i - +5 dagger "Hoehozxu" {drain, rF++}
rCold   + . .      Faith    .    (no shield)
rNeg    . . .      Spirit   .    q - +1 robe of Forking Paths {Will++ Stlth+}
rPois   .          Reflect  .    z - +0 helmet
rElec   .          Harm     .    c - +0 cloak
rCorr   .          Rampage  .    (no gloves)
Will    ++...                    t - +0 pair of boots
Stlth   ++++++++                 (no amulet)
HPRegen 0.33/turn                u - ring of protection from cold
MPRegen 0.13/turn                (no ring)

@: exhausted
A: small, no large weapons, nightstalker 3
a: Renounce Religion, Wall Jump, Serpent's Lash


You were on level 2 of the Orcish Mines.
You worshipped Wu Jian.
Wu Jian was greatly pleased with you.
You visited 3 branches of the dungeon, and saw 14 of its levels.

You collected 916 gold pieces.

Inventory:

Hand Weapons
 a - a +2 dagger
 i - the +5 dagger "Hoehozxu" (weapon) {drain, rF++}
   (You found it on level 3 of the Dungeon)

   rF:        It greatly protects you from fire.
Missiles
 d - 36 poisoned darts (quivered)
 e - 3 curare-tipped darts
 m - 104 stones
 A - 6 datura-tipped darts
 S - a throwing net
Armour
 b - a +0 robe
 c - a +0 cloak (worn)
 q - the +1 robe of Forking Paths (worn) {Will++ Stlth+}
   (You found it on level 5 of the Dungeon)

   Will:      It greatly increases your willpower.
   Stlth:     It makes you more stealthy.
 t - a +0 pair of boots (worn)
 z - a +0 helmet (worn)
Jewellery
 n - an amulet of faith
 s - a ring of wizardry
 u - a ring of protection from cold (left hand)
 L - a ring of flight
 M - a ring of fire
 R - a ring of ice
 T - a +6 ring of intelligence
 W - an amulet of magic regeneration
Wands
 x - a wand of roots (8)
 Q - a wand of light (14)
 U - a wand of charming (12)
 X - a wand of flame (7)
Scrolls
 f - 4 scrolls of identify
 g - 2 scrolls of noise
 h - 2 scrolls of magic mapping
 k - a scroll of immolation
 o - a scroll of torment {unknown}
 p - a scroll of vulnerability {unknown}
 r - 6 scrolls of teleportation
 y - 3 scrolls of blinking {unknown}
 D - a scroll of fear {unknown}
 E - 2 scrolls of silence {unknown}
 F - 2 scrolls of fog {unknown}
 J - a scroll of enchant weapon {unknown}
 K - 2 scrolls of enchant armour {unknown}
 V - a scroll of summoning {unknown}
Potions
 j - a potion of degeneration {unknown}
 l - 5 potions of brilliance
 v - 3 potions of attraction
 w - 2 potions of resistance
 B - 3 potions of heal wounds
 C - a potion of invisibility {unknown}
 G - 4 potions of curing
 H - 2 potions of might
 I - 3 potions of haste
 N - 3 potions of magic
 O - a potion of cancellation {unknown}
 P - 2 potions of lignification


   Skills:
 + Level 11.6 Fighting
 - Level 10.0 Short Blades
 - Level 2.1 Throwing
 + Level 10.8 Dodging
 + Level 15.6 Stealth


You had 11 spell levels left.
You didn't know any spells.
Your spell library contained the following spells:

 Spells                   Type           Power      Damage    Failure   Level
 Magic Dart               Conj           0%         1d3       30%         1
 Slow                     Hex            0%         N/A       30%         1
 Call Imp                 Summ           0%         N/A       43%         2
 Call Canine Familiar     Summ           0%         N/A       67%         3
 Confusing Touch          Hex            0%         N/A       67%         3
 Mephitic Cloud           Conj/Pois/Air  0%         N/A       67%         3
 Ozocubu's Armour         Ice            0%         N/A       67%         3
 Portal Projectile        Hex/Tloc       0%         N/A       67%         3
 Tukima's Dance           Hex            0%         N/A       67%         3
 Vampiric Draining        Necr           0%         2d6       67%         3
 Leda's Liquefaction      Hex/Erth       0%         N/A       97%         4
 Petrify                  Tmut/Erth      0%         N/A       97%         4
 Blade Hands              Tmut           0%         N/A       100%        5
 Metabolic Englaciation   Hex/Ice        0%         N/A       100%        5
 Simulacrum               Ice/Necr       0%         N/A       100%        6
 Statue Form              Tmut/Erth      0%         N/A       100%        6


Dungeon Overview and Level Annotations

Branches:
Dungeon (11/15)            Temple (1/1) D:7            Lair (0/5) D:11
    Orc (2/2) D:9             Elf (0/3) Orc:2

Altars:
Ashenzari
Cheibriados
Dithmenos
Elyvilon
Fedhas
Gozag
Hepliaklqana
Kikubaaqudgha
Makhleb
Nemelex Xobeh
Okawaru
Qazlal
Ru
Sif Muna
Trog
Uskayaw
Vehumet
Wu Jian
Xom
Yredelemnul
Zin
The Shining One

Shops:
D:8 (   Orc:1 ?

Annotations:
D:3 1 runed translucent door, timneilson's ghost, amateur GrFi
D:4 voltaire321's ghost, novice OpBr
Orc:1 Josephine
Orc:2 1 runed translucent door, SirDiesAlot's ghost, journeyman DsVM


Innate Abilities, Weirdness & Mutations

You are small and have problems with some larger weapons.
You are completely attuned to the shadows.


Message History

The hellwing is lightly wounded.
The hellwing hits you!
The hellwing hits you but does no damage.
You hit the hellwing but do no damage.
The hellwing is lightly wounded.
You hit the hellwing but do no damage.
The hellwing is lightly wounded.
The hellwing hits you!
* * * LOW HITPOINT WARNING * * *
The hellwing hits you!
* * * LOW HITPOINT WARNING * * *
Okay, then.
Your muscles tense, ready for explosive movement...
Your supernatural speed expires.
The hellwing swoops through the air toward you!
The hellwing barely misses you. The hellwing hits you.
* * * LOW HITPOINT WARNING * * *
You spin and attack the hellwing repeatedly.
You hit the hellwing.
The hellwing is lightly wounded.
You hit the hellwing but do no damage.
The hellwing is lightly wounded.
The hellwing barely misses you. The hellwing hits you.
* * * LOW HITPOINT WARNING * * *
You spin and attack the hellwing repeatedly.
You hit the hellwing.
The hellwing is lightly wounded.
You closely miss the hellwing.
The hellwing is lightly wounded.
The hellwing completely misses you. x2
The hellwing attacks as you move away! The hellwing barely misses you.
The hellwing misses you. The hellwing attacks as you move away!
The hellwing misses you. x2
You spin and attack the hellwing repeatedly.
You closely miss the hellwing.
The hellwing is lightly wounded.
You barely miss the hellwing.
The hellwing is lightly wounded.
The hellwing hits you!
You die...

###>.....#..# #.
##...........####...
#............#.......
#.....................
.......#..[........... .........
......###)...........#...........
........#.[.........###..........
...............4.....##..........
..............#.@...###..........
.............##^.....#.....#.....
.#...........##............#.....
###...........#...........###....
##.....))######..........##.#..
##.....)..# #.........##...#.
##........## ####.....####..#.
#...#(..### ##.#....## #....
##..#)..## #......## ###...


You could see a hellwing.

Vanquished Creatures
  Fannar (D:11)
  Erolcha (D:11)
  Erica (D:8)
  A two-headed ogre (D:10)
  Nergalle (D:11)
  2 ugly things
  A gargoyle (D:10)
  3 kobold demonologists (D:11)
  Sigmund (D:5)
  A shadow (D:11)
  3 wraiths
  4 wyverns
  Grum (D:8)
  Menkaure (D:7)
  2 wargs (Orc:2)
  An acid dragon (D:10)
  4 water moccasins
  18 orc warriors
  An ice beast (D:5)
  2 black bears (D:4)
  An ogre (D:7)
  2 wolves (D:8)
  2 centaurs
  2 phantoms
  4 kobold brigands (D:11)
  4 bullfrogs
  3 gnoll sergeants
  3 scorpions (D:6)
  A necrophage (D:5)
  8 wights
  4 howler monkeys (D:9)
  A crimson imp (D:6)
  5 hounds
  A jelly (D:5)
  8 orc priests
  16 orc wizards
  Natasha (thrice) (D:3)
  An iguana (D:6)
  16 gnolls
  11 adders
  A white imp (D:6)
  A worm (D:5)
  2 dart slugs
  51 orcs
  6 ball pythons
  5 bats
  8 endoplasms
  5 giant cockroaches
  7 goblins
  3 hobgoblins
  A quokka (D:3)
  3 training dummies (D:8)
  3 frilled lizards
  11 kobolds
  6 rats
  A butterfly (D:7)
260 creatures vanquished.

Vanquished Creatures (others)
  10 fungi (D:5)
  3 toadstools (D:5)
13 creatures vanquished.

Grand Total: 273 creatures vanquished

Notes
Turn   | Place    | Note
-------+----------+-------------------------------------------
     0 | D:1      | Farfigtubin the Kobold Brigand began the quest for the Orb.
     0 | D:1      | Reached XP level 1. HP: 12/12 MP: 1/1
   168 | D:1      | Reached XP level 2. HP: 18/18 MP: 2/2
   246 | D:3      | Identified the +5 dagger "Hoehozxu" {drain, rF++}
   539 | D:5      | Entered Level 5 of the Dungeon
   629 | D:5      | Found a white marble altar of Elyvilon.
   745 | D:5      | Reached skill level 6 in Stealth
   745 | D:5      | Reached XP level 3. HP: 22/22 MP: 3/3
   767 | D:5      | Identified the +1 robe of Forking Paths {Will++ Stlth+}
   908 | D:5      | Noticed Sigmund
   914 | D:5      | Killed Sigmund
   915 | D:5      | Reached skill level 5 in Short Blades
   915 | D:5      | Reached skill level 7 in Stealth
   915 | D:5      | Reached XP level 4. HP: 23/28 MP: 4/4
   915 | D:5      | Reached XP level 5. HP: 26/32 MP: 5/5
   915 | D:5      | Reached XP level 6. HP: 30/37 MP: 6/6
  1242 | D:7      | Found a staircase to the Ecumenical Temple.
  1248 | Temple   | Entered the Ecumenical Temple
  1322 | D:7      | Noticed a water moccasin
  1323 | D:7      | Noticed an ogre
  1326 | D:7      | Killed a water moccasin
  1327 | D:7      | Reached XP level 7. HP: 44/44 MP: 7/7
  1576 | D:7      | Reached skill level 8 in Stealth
  1929 | D:8      | Noticed Erica
  1932 | D:8      | Killed Erica
  1933 | D:8      | Reached skill level 5 in Fighting
  1933 | D:8      | Reached skill level 9 in Stealth
  1933 | D:8      | Reached XP level 8. HP: 51/51 MP: 8/8
  2095 | D:9      | Found a sparkling altar of Nemelex Xobeh.
  2107 | D:9      | Noticed a red ugly thing
  2318 | Temple   | Became a worshipper of the Wu Jian Council
  2384 | D:6      | Reached XP level 9. HP: 22/55 MP: 9/9
  2900 | D:1      | Found a faded altar of an unknown god.
  3598 | D:2      | Reached skill level 10 in Short Blades
  3821 | D:2      | Found a white marble altar of Elyvilon.
  4049 | D:3      | Noticed Natasha
  4052 | D:3      | Killed Natasha
  4157 | D:3      | Noticed Natasha
  4159 | D:3      | Killed Natasha
  4231 | D:3      | Noticed Natasha
  4243 | D:3      | Killed Natasha
  4569 | D:3      | Reached * piety under Wu Jian
  4643 | D:3      | Found a runed translucent door.
  4644 | D:3      | Noticed timneilson's ghost (amateur GrFi)
  4781 | D:4      | Found a runed translucent door.
  5017 | D:4      | Found a hide-covered altar of Uskayaw.
  5166 | D:4      | Reached skill level 10 in Stealth
  5752 | D:4      | Noticed voltaire321's ghost (novice OpBr)
  6616 | D:6      | Reached skill level 11 in Stealth
  6880 | D:6      | Reached skill level 5 in Dodging
  6930 | D:6      | Found a burning altar of Makhleb.
  6930 | D:6      | Found a shimmering altar of Xom.
  6933 | D:6      | Reached XP level 10. HP: 64/64 MP: 10/10
  7092 | D:7      | Reached ** piety under Wu Jian
  7313 | D:7      | Noticed Menkaure
  7316 | D:7      | Killed Menkaure
  7405 | D:8      | Reached skill level 12 in Stealth
  7717 | D:8      | Found a shadowy altar of Dithmenos.
  7717 | D:8      | Found a basalt altar of Yredelemnul.
  7804 | D:8      | Noticed Grum
  7813 | D:8      | Killed Grum
  7933 | D:8      | Found Haledett's Firing Range.
  8518 | D:9      | Killed a red ugly thing
  8519 | D:9      | Reached skill level 13 in Stealth
  8616 | D:9      | Found a staircase to the Orcish Mines.
  8643 | D:9      | Reached *** piety under Wu Jian
  8874 | D:9      | Reached XP level 11. HP: 71/71 MP: 11/11
  9016 | D:10     | Entered Level 10 of the Dungeon
  9147 | D:10     | Noticed a two-headed ogre
  9161 | D:10     | Killed a two-headed ogre
  9162 | D:10     | Reached skill level 10 in Fighting
  9463 | D:10     | Reached skill level 14 in Stealth
  9674 | D:11     | Noticed a brown ugly thing
  9677 | D:11     | Killed a brown ugly thing
  9687 | D:11     | Noticed Fannar
  9690 | D:11     | Killed Fannar
  9833 | D:11     | Found a staircase to the Lair.
 10076 | D:11     | Noticed Erolcha
 10078 | D:11     | Noticed Nergalle
 10079 | D:11     | Killed Erolcha
 10081 | D:11     | Killed Nergalle
 10082 | D:11     | Reached skill level 10 in Dodging
 10104 | D:11     | Reached **** piety under Wu Jian
 10184 | D:11     | Noticed a sun demon
 10197 | D:11     | Reached skill level 15 in Stealth
 10328 | D:11     | Reached XP level 12. HP: 80/80 MP: 12/12
 10637 | Orc:1    | Entered Level 1 of the Orcish Mines
 10664 | Orc:2    | Entered Level 2 of the Orcish Mines
 10675 | Orc:2    | Found a runed translucent door.
 10675 | Orc:2    | Noticed SirDiesAlot's ghost (journeyman DsVM)
 11262 | Orc:2    | Found a staircase to the Elven Halls.
 11271 | Orc:1    | Noticed Josephine
 11271 | Orc:1    | Found Dedin's Magic Scroll Boutique.
 11739 | Orc:2    | HP: 3/80 [hellwing (2)]
 11744 | Orc:2    | Mangled by a hellwing

Illustrated notes

Levels and vault maps discovered:
D:1:      heliophobic_arrival_ceremonial_halls, layout_basic,
          shapermc_ecumenical_altar_notcrosses
D:2:      layout_rooms, basic_altar
D:3:      layout_loops_ring, ebering_ghost_inner_flame, uniq_natasha
D:4:      layout_layer_cave, nicolae_uskayaw_suspiria, ebering_ghost_sewer_d
D:5:      layout_gridville, mainiacjoe_overflow_surrounded_room,
          grunt_ministairs_4, minmay_gold_behind_fungi, uniq_sigmund
D:6:      layout_basic, grunt_temple_overflow_champion_of_chaos
D:7:      layout_loops_ring, minmay_temple_entry_butterflies, uniq_menkaure
D:8:      layout_loops_ring, gammafunk_temple_overflow_wave,
          nicolae_shop_firing_range, uniq_erica, uniq_grum
D:9:      layout_long_grid, mainiacjoe_overflow_24_doors, hiddenorc1_lemuel
D:10:     layout_cave_pools, corexii_leaking_fountain
D:11:     layout_long_grid, david_lair_shrubbed, uniq_fannar, uniq_nergalle,
          uniq_erolcha
Temple:   nicolae_temple_no_exploring_needed
Orc:1:    layout_caves, serial_shops, shop, basic_altar, uniq_josephine
Orc:2:    pf_orc_diabolical, layout_diamond_mine, gammafunk_ghost_grave

Skill      XL: |  1  2  3  4  5  6  7  8  9 10 11 |
---------------+----------------------------------+-----
Short Blades   | 3 5 6 9 10 | 10.0
Stealth        | 6 7 9 11 13 15 | 15.6
Fighting       | 3 4 5 6 7 9 11 | 11.6
Dodging        | 5 7 10 | 10.8
Throwing       | |  2.1

Action                     |  1- 3 |  4- 6 |  7- 9 | 10-12 || total
---------------------------+-------+-------+-------+-------++-------
  Melee: Dagger            |    19 |     5 |   213 |   614 ||   851
         Punch             |       |       |     2 |     5 ||     7
  Throw: Dart              |     6 |       |     9 |     2 ||    17
 Invoke: Serpent's Lash    |       |       |       |     1 ||     1
Ability: Lunge             |       |       |    59 |    82 ||   141
         Whirlwind         |       |       |    21 |   148 ||   169
    Use: Scroll            |       |       |     1 |    11 ||    12
   Stab: Sleeping          |     7 |     5 |    59 |    47 ||   118
         Distracted        |       |       |       |     3 ||     3
 Armour: Robe              |     2 |       |    15 |    36 ||    53
  Dodge: Dodged            |     7 |       |    43 |   284 ||   334

Table legend: (Time is in decaauts)
 A = Elapsed time spent in this place.
 B = Non-inter-level travel time spent in this place.
 C = Inter-level travel time spent in this place.
 D = Time resting spent in this place.
 E = Time spent auto-exploring this place.
 F = Levels seen in this place.
 G = Mean time per level.
                   A        B        C        D        E       F      G
               +--------+--------+--------+--------+--------+-----+--------+
         Total |  11602 |  11152 |    450 |   1433 |   2729 |  14 |  828.7 |
       Dungeon |  10451 |  10014 |    437 |    993 |   2716 |  11 |  950.1 |
        Temple |     88 |     75 |     13 |      0 |     13 |   1 |   88.0 |
  Orcish Mines |   1062 |   1062 |      0 |    440 |      0 |   2 |  531.0 |
               +--------+--------+--------+--------+--------+-----+--------+

Top non-repeatable levels by time:
     D:4: 1410 daAuts
     D:9: 1137 daAuts
     D:6: 1096 daAuts
     D:5: 1083 daAuts
     D:8: 1047 daAuts
     D:1: 1020 daAuts
     D:7: 831 daAuts
    D:10: 821 daAuts
     D:3: 780 daAuts
   Orc:2: 760 daAuts
    D:11: 751 daAuts
     D:2: 469 daAuts
   Orc:1: 302 daAuts
  Temple: 88 daAuts
